 Dungeon Crawl Stone Soup version 0.18.1-6-gd335043 (webtiles) character file.

380 HungrySpirit the Changer (level 6, -2/38 HPs)
             Began as an Octopode Transmuter on May 18, 2016.
             Slain by HungrySpirit's ghost (5 damage)
             ... on level 4 of the Dungeon.
             The game lasted 00:04:47 (4034 turns).

HungrySpirit the Changer (Octopode Transmuter)      Turns: 4034, Time: 00:04:48

Health: -2/38      AC:  1    Str:  8 (9)  XL:     6   Next: 75%
Magic:  9/9        EV: 12    Int: 14 (15) God:
Gold:   216        SH:  0    Dex: 13 (15) Spells: 3 memorised, 3 levels left

rFire  . . .     SeeInvis .       - Unarmed
rCold  . . .     Gourm    .     (no shield)
rNeg   . . .     Faith    .     (helmet restricted)
rPois  .         Spirit   .     (no amulet)
rElec  .         Dismiss  .     (no ring)
rCorr  .         Reflect  .     (no ring)
SustAt .         Harm     .     (no ring)
MR     .....                    (no ring)
Stlth  ++........               (no ring)
                                (no ring)
                                (no ring)
                                (no ring)

@: lethally poisoned (-2 -> -9), not resistant to hostile enchantments,
unstealthy
A: almost no armour, amphibious, 8 rings, constrict 8, camouflage 1, gelatinous
body 1
a: no special abilities


You were on level 4 of the Dungeon.
You were hungry.

You visited 1 branch of the dungeon, and saw 4 of its levels.

You collected 216 gold pieces.

Inventory:

Missiles
 a - 20 arrows
Armour
 o - a +0 buckler
Jewellery
 e - an uncursed ring of protection from cold {unknown}
 l - an uncursed amulet of dismissal {unknown}
Wands
 q - a wand of iceblast (6/15)
Scrolls
 d - 5 scrolls of identify {unknown}
 g - 2 scrolls of enchant armour {unknown}
 i - 4 scrolls of remove curse {unknown}
 m - a scroll of amnesia {unknown}
 n - a scroll of teleportation {unknown}
Potions
 h - 2 potions of agility
 j - 2 potions of invisibility {unknown}
 k - 3 potions of curing {unknown}
 p - a potion of berserk rage {unknown}
Books
 b - a book of Changes

   Spells                             Type                      Level
   a - Beastly Appendage              Transmutation                1
   b - Sticks to Snakes               Transmutation                2
   c - Spider Form                    Transmutation/Poison         3
   d - Ice Form                       Ice/Transmutation            4
   e - Blade Hands                    Transmutation                5
Comestibles
 c - 3 bread rations
 r - a meat ration


   Skills:
 - Level 1.0 Fighting
 - Level 2.0 Dodging
 + Level 4.9 Unarmed Combat
 - Level 2.0 Spellcasting
 * Level 5.7 Transmutations


You had 3 spell levels left.
You knew the following spells:

 Your Spells              Type           Power        Failure   Level  Hunger
a - Beastly Appendage     Trmt           ###...       2%          1    ##.....
b - Sticks to Snakes      Trmt           ###.....     3%          2    ###....
c - Spider Form           Trmt/Pois      #.........   24%         3    ####...


Dungeon Overview and Level Annotations

Branches:
Dungeon (4/15)
 Temple: D:4-7

Altars:

Annotations:
D:4 HungrySpirit's ghost, amateur OpTm


Innate Abilities, Weirdness & Mutations

You cannot wear most types of armour.
You are amphibious.
You can wear up to eight rings at the same time.
You can use your tentacles to constrict eight enemies at once.
Your skin changes colour to match your surroundings (Stealth).
Your rubbery body absorbs attacks (AC +1).


Message History

You feel sick.
You feel sick. HungrySpirit's ghost hits you.
* * * LOW HITPOINT WARNING * * *
You are lethally poisoned!
There is an open door here.
* * * LOW HITPOINT WARNING * * *
You feel sick.
* * * LOW HITPOINT WARNING * * *
You feel sick.
* * * LOW HITPOINT WARNING * * *
You feel sick.
* * * LOW HITPOINT WARNING * * *
You feel sick.
Drink which item? (? for menu, Esc to quit)
It was a potion of degeneration.
There was something very wrong with that liquid.
You feel weakened.
You feel dopey.
You feel clumsy.
* * * LOW HITPOINT WARNING * * *
You feel sick. HungrySpirit's ghost hits you.
You die...

.........#######.# #.#
##.## .........##...<#.#
#.# #..#
.........##.##.#.#####.#
###'####
####'######.#........#.#
#......# #.#
#.#.(#.###.#.# #......#
#.# #.#..#.# #.#.#
#......# #.# #.#..#.#
#<#.# #......# #.#
#.#..#.# ###.# #......#
#.######.####@# #.#
#......# #........#..W.#
#.# #......#
#.##...###.#### #.#
#....... ####...# #.#
#.# #....... #...###'##
#####'###.......
#........#
#......########.
#........# #......# ##
#........###......# #
#..........#......# #


You could see HungrySpirit's ghost.

Vanquished Creatures
  A phantom (D:3)
  2 hounds (D:4)
  An orc wizard (D:4)
  Ijyb (D:2)
  2 worker ants (D:4)
  8 adders
  An adder skeleton (D:4)
  A worm (D:2)
  A dart slug (D:3)
  A giant gecko (D:3)
  3 orcs
  2 ball pythons (D:1)
  5 bats
  A giant cockroach (D:2)
  8 goblins
  5 hobgoblins
  2 jackals (D:1)
  6 kobolds
  4 giant newts
  7 rats
62 creatures vanquished.

Notes
Turn   | Place    | Note
--------------------------------------------------------------
     0 | D:1      | HungrySpirit the Octopode Transmuter began the quest for the Orb.
     0 | D:1      | Reached XP level 1. HP: 13/13 MP: 3/3
   158 | D:1      | Reached XP level 2. HP: 15/18 MP: 5/5
   269 | D:1      | Learned a level 2 spell: Sticks to Snakes
  1052 | D:2      | Noticed Ijyb
  1058 | D:2      | Killed Ijyb
  1058 | D:2      | Reached skill level 3 in Transmutations
  1058 | D:2      | Reached XP level 3. HP: 19/23 MP: 6/6
  1317 | D:2      | Reached XP level 4. HP: 26/28 MP: 5/7
  1325 | D:2      | Learned a level 3 spell: Spider Form
  1893 | D:3      | Noticed a phantom
  1924 | D:3      | Killed a phantom
  1924 | D:3      | Reached skill level 4 in Transmutations
  1924 | D:3      | Reached XP level 5. HP: 26/33 MP: 8/8
  2900 | D:3      | Reached skill level 5 in Transmutations
  3132 | D:3      | Reached XP level 6. HP: 38/38 MP: 9/9
  3986 | D:4      | Noticed HungrySpirit's ghost (amateur OpTm)
  4034 | D:4      | Slain by HungrySpirit's ghost

Skill      XL: |  1  2  3  4  5 |
---------------+----------------+-----
Transmutations | 3 4 5 |  5.7
Unarmed Combat | 4 |  4.9
Fighting       | |  1.0
Dodging        | |  2.0
Spellcasting   | |  2.0

Action                   |  1- 3 |  4- 6 || total
-------------------------+-------+-------++-------
Melee: Unarmed           |    56 |    94 ||   150
       Constrict         |    14 |    21 ||    35
       Tentacles         |     8 |    12 ||    20
       Punch             |     1 |     1 ||     2
       Kick              |       |     8 ||     8
 Cast: Beastly Appendage |       |     6 ||     6
       Sticks to Snakes  |       |     2 ||     2
       Spider Form       |       |     5 ||     5
  Use: Potion            |       |     6 ||     6
 Stab: Sleeping          |     3 |     8 ||    11
       Distracted        |       |     1 ||     1
  Eat: Chunk             |     1 |     4 ||     5
       Meat ration       |       |     1 ||     1
Armor: Skin              |     6 |     4 ||    10
Dodge: Dodged            |    24 |    40 ||    64
